 Dungeon Crawl Stone Soup version 0.28.0-43-g3370ac3207 (webtiles) character file.

Game seed: 17390460179587998730

1341 pkoi the Destroyer (level 8, -3/41 HPs)
             Began as a Deep Elf Conjurer on Mar 7, 2022.
             Was an Initiate of Sif Muna.
             Killed by divine providence
             ... invoked by an orc priest
              (12 damage)
             ... on level 6 of the Dungeon.
             The game lasted 00:10:45 (7633 turns).

pkoi the Destroyer (Deep Elf Conjurer)              Turns: 7633, Time: 00:10:46

Health: -3/41      AC:  5    Str: 10    XL:     8   Next: 35%
Magic:  8/20       EV: 27    Int: 26    God:    Sif Muna [......]
Gold:   296        SH:  0    Dex: 13    Spells: 9/20 levels left

rFire   + . .      SeeInvis .   r - staff of fire
rCold   . . .      Faith    .   (no shield)
rNeg    . . .      Spirit   .   a - +0 robe
rPois   .          Reflect  .   z - +2 helmet of Apaut {rElec}
rElec   +          Harm     .   h - scarf {repulsion}
rCorr   .          Rampage  .   (no gloves)
Will    .....                   (no boots)
Stlth   ++........              e - amulet of the acrobat
HPRegen 0.13/turn               x - +6 ring of strength
MPRegen 0.17/turn               (no ring)

@: acrobatic, repel missiles
A: no striking features
a: Renounce Religion


You were on level 6 of the Dungeon.
You worshipped Sif Muna.
Sif Muna was noncommittal.
You visited 2 branches of the dungeon, and saw 7 of its levels.

You collected 309 gold pieces.
You spent 13 gold pieces at shops.

Inventory:

Hand Weapons
 k - a +4 whip
Armour
 a - a +0 robe (worn)
 h - a scarf of repulsion (worn)
 z - the +2 helmet of Apaut (worn) {rElec}
   (You found it on level 6 of the Dungeon)

   rElec:     It insulates you from electricity.
Magical Staves
 r - a staff of fire (weapon)
Jewellery
 e - an amulet of the acrobat (around neck)
 x - a +6 ring of strength (left hand)
Wands
 v - a wand of digging (5)
 y - a wand of paralysis (5)
Scrolls
 f - 3 scrolls of identify {unknown}
 i - a scroll of teleportation {unknown}
 j - 2 scrolls of torment {unknown}
 l - a scroll of magic mapping {unknown}
 m - 2 scrolls of silence {unknown}
 n - a scroll of fog {unknown}
 q - a scroll of noise {unknown}
 s - 2 scrolls of fear {unknown}
 t - a scroll of amnesia {unknown}
 w - a scroll of enchant armour {unknown}
Potions
 b - 2 potions of curing {unknown}
 c - a potion of magic {unknown}
 g - 3 potions of mutation {unknown}
 o - a potion of haste {unknown}
 p - a potion of cancellation {unknown}


   Skills:
 - Level 2.4 Dodging
 - Level 2.4 Stealth
 + Level 6.9 Spellcasting
 * Level 8.7 Conjurations
 + Level 5.2 Hexes
 + Level 4.3 Translocations


You had 9 spell levels left.
You knew the following spells:

 Your Spells              Type           Power      Damage    Failure   Level
a - Magic Dart            Conj           100%       1d8       1%          1
b - Searing Ray           Conj           100%       2d8       1%          2
c - Fulminant Prism       Conj/Hex       22%        3d13      3%          4
d - Iskenderun's Mystic   Conj/Tloc      42%        2d10      4%          4

Your spell library contained the following spells:

 Spells                   Type           Power      Damage    Failure   Level
 Dazzling Flash           Conj/Hex       90%        N/A       1%          3
 Portal Projectile        Hex/Tloc       68%        N/A       2%          3
 Call Canine Familiar     Summ           9%         N/A       19%         3
 Leda's Liquefaction      Hex/Erth       11%        N/A       22%         4


Dungeon Overview and Level Annotations

Branches:
Dungeon (6/15)             Temple (1/1) D:6

Altars:
Ashenzari
Cheibriados
Dithmenos
Elyvilon
Fedhas
Gozag
Hepliaklqana
Kikubaaqudgha
Makhleb
Nemelex Xobeh
Okawaru
Ru
Sif Muna
Trog
Uskayaw
Vehumet
Wu Jian
Xom
Yredelemnul
Zin
The Shining One

Shops:
D:2 !

Annotations:
D:2 1 runed translucent door, Crazy Yiuf
D:3 2 transporters, Icepheonix32's ghost, amateur DsDe


Message History

The bullfrog skeleton is heavily damaged.
The bullfrog skeleton is knocked back by the mystic blast.
The bullfrog skeleton slams into the rock wall!
The bullfrog skeleton is severely damaged.
You hear a shout! x3
An orc comes into view.
It is wielding a +0 mace and carrying a wand of charming (5).
The bullfrog skeleton hits you.
Casting: Iskenderun's Mystic Blast (dangerous; 4% risk of failure)
Confirm with . or Enter, or press ? or * to list all spells.
You erupt in a blast of force!
The mystic blast hits the bullfrog skeleton!
You destroy the bullfrog skeleton!
Sif Muna accepts your kill.
An orc comes into view.
It is wielding a +0 mace and carrying a wand of iceblast (6).
The orc zaps a wand.
Your will is overpowered!
You are confused.
You're too confused to cast spells.
Unknown command.
You're too confused to move!
An orc priest comes into view. It is wielding a +0 dagger.
The orc priest shouts!
You feel less confused.
The orc zaps a wand.
You easily resist.
The orc priest calls down the wrath of Beogh upon you.
Beogh smites you!
* * * LOW HITPOINT WARNING * * *
The orc zaps a wand.
The mass of ice explodes!
The iceblast engulfs you!
* * * LOW HITPOINT WARNING * * *
Casting: Iskenderun's Mystic Blast (dangerous; 4% risk of failure)
Confirm with . or Enter, or press ? or * to list all spells.
Aiming: Fulminant Prism (dangerous; 3% risk of failure)
Press: ? - help, Dir - move target You conjure a prism of explosive energy!
A fulminant prism comes into view.
Your fulminant prism crackles loudly.
The orc zaps a wand.
The mass of ice explodes!
The iceblast engulfs you!
* * * LOW HITPOINT WARNING * * *
The orc priest mumbles some strange prayers to Beogh against you.
Beogh smites you!
You die...

# #. ##### .. ...#
.o###.##########.##
........o.......[.#
####..o...o.@..##.#
#...##*.....##.# #....
##..)####.# ######
##...).....####.# #.....
##........#.##.# #.####
#....).###.#..# ##.####
#......##..#..# #.....#
##....##......#####..##.#
##..###.............##.#


You could see an orc priest, 2 orcs and a friendly fulminant prism.

Vanquished Creatures
  Edmund (D:5)
  2 sky beasts
  2 ogres
  A centaur (D:5)
  A scorpion (D:5)
  A water moccasin zombie (D:5)
  A centaur zombie (D:5)
  A bullfrog zombie (D:5)
  2 orc priests (D:3)
  2 bullfrog skeletons
  A jelly (D:5)
  Ijyb (D:5)
  An iguana (D:5)
  8 orc wizards
  A hound zombie (D:5)
  A hound skeleton (D:4)
  4 gnolls (D:5)
  A howler monkey skeleton (D:5)
  4 adders
  An adder skeleton (D:4)
  2 worms
  5 dart slugs
  7 orcs
  2 ball pythons (D:1)
  4 bats
  7 endoplasms
  4 giant cockroaches
  6 hobgoblins
  7 jackals (D:3)
  4 quokkas
  4 frilled lizards
  5 goblins
  11 kobolds
  10 rats
115 creatures vanquished.

Vanquished Creatures (others)
  5 fulminant prisms
  42 plants
47 creatures vanquished.

Grand Total: 162 creatures vanquished

Notes
Turn   | Place    | Note
-------+----------+-------------------------------------------
     0 | D:1      | pkoi the Deep Elf Conjurer began the quest for the Orb.
     0 | D:1      | Reached XP level 1. HP: 10/10 MP: 6/6
    93 | D:1      | Reached XP level 2. HP: 15/15 MP: 4/8
   358 | D:1      | Reached skill level 5 in Conjurations
   451 | D:1      | Found a faded altar of an unknown god.
   571 | D:1      | Reached XP level 3. HP: 19/19 MP: 7/10
  1082 | D:2      | Found a runed translucent door.
  1083 | D:2      | Noticed Crazy Yiuf
  1407 | D:2      | Found a sparkling altar of Nemelex Xobeh.
  1435 | D:2      | Found Bepnipam's Distillery.
  1481 | D:2      | Bought a potion of degeneration for 13 gold pieces
  1572 | D:2      | Reached XP level 4. HP: 24/24 MP: 7/12
  2025 | D:2      | Learned a level 2 spell: Searing Ray
  2030 | D:2      | Learned a level 4 spell: Fulminant Prism
  2035 | D:2      | Learned a level 4 spell: Iskenderun's Mystic Blast
  2559 | D:3      | Found a transporter.
  2561 | D:3      | Noticed Icepheonix32's ghost (amateur DsDe)
  2562 | D:3      | Found a transporter.
  2764 | D:3      | Found a shimmering altar of Xom.
  2764 | D:3      | Found a glowing golden altar of the Shining One.
  2814 | D:3      | Reached skill level 6 in Conjurations
  2814 | D:3      | Reached skill level 1 in Hexes
  2814 | D:3      | Reached skill level 1 in Translocations
  2973 | D:3      | Reached XP level 5. HP: 28/28 MP: 9/13
  4058 | D:4      | Found a hide-covered altar of Uskayaw.
  4078 | D:4      | Found a shadowy altar of Dithmenos.
  4412 | D:4      | Reached skill level 5 in Spellcasting
  4412 | D:4      | Reached XP level 6. HP: 25/32 MP: 8/15
  4561 | D:5      | Entered Level 5 of the Dungeon
  4808 | D:5      | Noticed Edmund
  4913 | D:5      | Noticed Ijyb
  4919 | D:5      | Killed Ijyb
  5069 | D:5      | Found a white marble altar of Elyvilon.
  5085 | D:5      | Reached skill level 7 in Conjurations
  5230 | D:5      | Reached XP level 7. HP: 35/36 MP: 6/17
  5522 | D:5      | Killed Edmund
  6149 | D:5      | Reached skill level 8 in Conjurations
  6498 | D:5      | Found a broken altar of Ashenzari.
  6499 | D:5      | Found an ancient bone altar of Kikubaaqudgha.
  6500 | D:5      | Found a burning altar of Makhleb.
  6500 | D:5      | Found a snail-covered altar of Cheibriados.
  6573 | D:6      | Found a staircase to the Ecumenical Temple.
  6582 | D:6      | Reached XP level 8. HP: 19/41 MP: 9/19
  6590 | Temple   | Entered the Ecumenical Temple
  6953 | Temple   | Became a worshipper of Sif Muna the Loreminder
  7299 | D:6      | Reached skill level 5 in Hexes
  7562 | D:6      | Identified the +2 helmet of Apaut {rElec}
  7633 | D:6      | Killed from afar by an orc priest

Illustrated notes

Levels and vault maps discovered:
D:1:      onia_arrival_handbag, layout_basic,
          shapermc_ecumenical_altar_starsandcircs, minmay_split_cup_small
D:2:      layout_loops_ring, basic_altar, serial_shops,
          nicolae_shop_hallway_plus, lexackson_kobold_supper,
          uniq_crazy_yiuf_cottage
D:3:      layout_loops_ring, gammafunk_temple_overflow_statue,
          gammafunk_ghost_mausoleum, serial_bayou_ford_a,
          chequers_serial_rivers_micro_c
D:4:      layout_basic, nicolae_uskayaw_dance_hall,
          grunt_dithmenos_smoke_and_mirrors
D:5:      layout_rooms, elyvilon_altar_1, mainiacjoe_overflow_alcove_3,
          serial_bayou_lake_a, uniq_edmund, uniq_ijyb
D:6:      minmay_flawed_box, layout_loops_cross,
          minmay_temple_entry_stoned_glass
Temple:   chequers_temple_sunken

Skill      XL: |  1  2  3  4  5  6  7  8 |
---------------+-------------------------+-----
Conjurations   | 5 6 7 8 |  8.7
Spellcasting   | 4 5 6 |  6.9
Hexes          | 1 2 3 4 5 |  5.2
Translocations | 1 2 3 4 |  4.3
Dodging        | |  2.4
Stealth        | |  2.4

Action                   |  1- 3 |  4- 6 |  7- 9 || total
-------------------------+-------+-------+-------++-------
 Cast: Magic Dart        |    74 |   117 |    24 ||   215
       Searing Ray       |       |    11 |     7 ||    18
       Iskenderun's Myst |       |     1 |    17 ||    18
       Fulminant Prism   |       |       |     6 ||     6
Armor: Robe              |     2 |     2 |     1 ||     5
Dodge: Dodged            |     7 |    26 |    22 ||    55
       Repelled          |       |     1 |       ||     1
